 Dungeon Crawl Stone Soup version 0.30.0-10-gfe55d96785 (webtiles) character file.

Game seed: 15605355894859061714

101 Demosthentine the Poker (level 4, 0/51 HPs)
             Began as a Demonspawn Gladiator on May 14, 2023.
             Slain by a goblin
             ... wielding a +0 dagger
              (2 damage)
             ... on level 3 of the Dungeon.
             The game lasted 00:02:30 (1949 turns).

Demosthentine the Poker (Demonspawn Gladiator)      Turns: 1949, Time: 00:02:31

Health: 0/51       AC:  4    Str: 16    XL:     4   Next: 48%
Magic:  0/4        EV: 12    Int:  9    God:
Gold:   141        SH:  4    Dex: 15    Spells: 3/3 levels left

rFire   . . .        a - +1 trident
rCold   . . .        (no shield)
rNeg    . . .        b - +0 leather armour
rPois   .            c - +0 helmet
rElec   .            (no cloak)
rCorr   .            (no gloves)
SInv    .            (no boots)
Will    .....        (no amulet) Stlth
                     (no ring)
HPRegen 0.28/turn    (no ring)
MPRegen 0.18/turn

%: guardian spirit
@: berserking, very quick
A: large bone plates 1, magic shield, magic regeneration
a: no special abilities


You were on level 3 of the Dungeon.
You visited 1 branch of the dungeon, and saw 3 of its levels.
You also visited: Sewer.

You collected 141 gold pieces.

Inventory:

Hand Weapons
 a - a +1 trident (weapon)
Missiles
 d - 3 throwing nets (quivered)
 e - 4 javelins
Armour
 b - a +0 leather armour (worn)
 c - a +0 helmet (worn)
Scrolls
 g - 3 scrolls of teleportation
 h - 2 scrolls of identify
 m - a scroll of enchant weapon
Potions
 f - a potion of flight
 i - a potion of mutation
 j - a potion of cancellation
 k - a potion of heal wounds {unknown}
 l - a potion of brilliance {unknown}
 n - a potion of curing {unknown}


   Skills:
 + Level 2.9 Fighting
 + Level 3.3 Polearms
 - Level 1.7 Throwing
 + Level 1.6 Armour
 + Level 3.3 Dodging


You had 3 spell levels left.
You didn't know any spells.
Your spell library contained the following spells:

 Spells                   Type           Power      Damage    Failure   Level
 Ensorcelled Hibernation  Hex/Ice        0%         N/A       58%         2
 Passwall                 Tmut/Erth      0%         N/A       58%         2
 Sublimation of Blood     Necr           0%         N/A       58%         2
 Wereblood                Tmut           0%         N/A       58%         2
 Swiftness                Air            0%         N/A       83%         3
 Summon Hydra             Summ           0%         N/A       100%        7


Dungeon Overview and Level Annotations

Branches:
Dungeon (3/15)              Sewer (visited)

Altars:

Annotations:
D:3 Ijyb, Robin


Innate Abilities, Weirdness & Mutations

You are partially covered in large bone plates. (SH +4)
When hurt, damage is shared between your health and your magic reserves.
You regenerate magic rapidly.


Message History

A rat comes into view.
Unknown command.
It was a potion of berserk rage.
A red film seems to cover your vision as you go berserk!
You feel yourself moving faster!
You feel mighty! Ijyb hits you with a +0 dagger.
* * * LOW HITPOINT WARNING * * *
You barely miss Ijyb. Ijyb barely misses you. Robin throws the goblin at you!
You hit Ijyb.
Ijyb is moderately wounded.
You hit Ijyb.
Ijyb is moderately wounded.
The goblin closely misses you. You block Ijyb's attack.
You barely miss Ijyb.
Ijyb is moderately wounded.
The goblin no longer looks unusually strong.
The goblin hits you with a +0 dagger.
* * * LOW HITPOINT WARNING * * *
You block Ijyb's attack.
You closely miss Ijyb.
Ijyb is moderately wounded.
The goblin barely misses you. Ijyb hits you with a +0 dagger.
* * * LOW HITPOINT WARNING * * *
Robin roars a battlecry!
The goblins go into a battle-frenzy!
You barely miss Ijyb.
Ijyb is moderately wounded.
The goblin hits you but does no damage. Ijyb hits you with a +0 dagger.
* * * LOW HITPOINT WARNING * * *
Unknown command.
You barely miss Ijyb.
Ijyb is moderately wounded.
Unknown command.
You closely miss Ijyb.
Ijyb is moderately wounded.
The hobgoblin no longer looks unusually strong.
Ijyb no longer looks unusually strong.
The goblin no longer looks unusually strong.
The goblin hits you with a +0 dagger.
You die...

** *,,***,,,,,,,,,,,,,.........##
*,,,,,,.......#****...........
*****,***,,.......*,,,.###.####..
,,,,,,<,,,,,......,....#~###~~##'
,,,,,,,**,,,,....#*,.(.#~'~~~~~~#
,,,******,,,,..g.####..#.'~~~~~~#
,,,* *,***#.ggg,....#~###~~##'
,,,* **,* #.#g#**#..###.####..
,,******,,***#.#@# #............
*,,,,,,,,,,,,#.#g# #......##.##.
*,,,,****,,,,#.#.# #......##....
*,,**~~~*~*,,#.#.#####.##.######.
,,,*~~~~~~*,,#.#........#.# **#.
,,**~*~*~~**,#.........##.# *,..
,,~~~~~~~~~*,#########.##.# ***#
*,*~~~~~~*~~,,.........##.#
*,**~*~~~~*~,*###########.#


You could see Ijyb, 2 hobgoblins and 3 goblins.

Vanquished Creatures
  Jessica (D:2)
  A hell rat (Sewer)
  A worm (D:2)
  A dart slug (D:1)
  3 ball pythons
  5 bats
  3 endoplasms (D:3)
  5 giant cockroaches
  7 goblins
  5 hobgoblins (D:1)
  2 quokkas (D:2)
  2 frilled lizards
  A kobold (D:2)
  6 rats
43 creatures vanquished.

Notes
Turn   | Place    | Note
-------+----------+-------------------------------------------
     0 | D:1      | Demosthentine the Demonspawn Gladiator began the quest for
                  | the Orb.
     0 | D:1      | Reached XP level 1. HP: 16/16 MP: 1/1
   292 | D:1      | Gained mutation: You regenerate magic rapidly. [demonic
                  | ancestry]
   292 | D:1      | Reached XP level 2. HP: 11/22 MP: 2/2
   749 | D:1      | Reached skill level 1 in Armour
   974 | D:2      | Found a faded altar of an unknown god.
  1231 | D:2      | Gained mutation: You are partially covered in large bone
                  | plates. (SH +4) [demonic ancestry]
  1231 | D:2      | Reached XP level 3. HP: 28/28 MP: 3/3
  1267 | D:2      | Noticed Jessica
  1269 | D:2      | Killed Jessica
  1705 | D:3      | Gained mutation: When hurt, damage is shared between your
                  | health and your magic reserves. [demonic ancestry]
  1705 | D:3      | Reached XP level 4. HP: 29/34 MP: 4/4
  1722 | D:3      | Found a glowing drain.
  1726 | Sewer    | Entered a sewer
  1931 | D:3      | Noticed Robin
  1931 | D:3      | Noticed Ijyb
  1947 | D:3      | HP: 1/51 [Ijyb/+0 dagger (5)]
  1949 | D:3      | Slain by a goblin

Illustrated notes

Levels and vault maps discovered:
D:1:      dpeg_arrival_solitude, layout_basic, amcnicky_mini_corridor_feature,
          chequers_serial_rivers_small_a, chequers_serial_rivers_small_b
D:2:      layout_loops_ring, hellmonk_ecumenical_altar_lost_god, uniq_jessica
D:3:      layout_basic, fedhas_altar_fruit_tree, gup_sewer_entry_bowl,
          minivault_4, chequers_decorated_corner, nicolae_goblin_pals,
          uniq_ijyb, uniq_crazy_yiuf_cottage

Skill      XL: |  1  2 |
---------------+-------+-----
Dodging        | 3 |  3.3
Polearms       | 3 |  3.3
Armour         | 1 |  1.6
Fighting       | |  2.9
Throwing       | |  1.7

Action                     |  1- 3 |  4- 6 || total
---------------------------+-------+-------++-------
  Melee: Trident           |   106 |    36 ||   142
         Punch             |       |     1 ||     1
    Use: Scroll            |     9 |       ||     9
         Potion            |       |     3 ||     3
   Stab: Sleeping          |     3 |       ||     3
 Armour: Leather armour    |    30 |     5 ||    35
  Dodge: Dodged            |    55 |    15 ||    70
  Block: Other             |     4 |     4 ||     8
